 Dungeon Crawl Stone Soup version 0.31-a0-145-g046c7d2549 (webtiles) character file.

Game seed: 10155501266107542647

32 Esekla the Sneak (level 3, 18/26 HPs)
             Began as an Octopode Delver on June 6, 2023.
             Quit the game on level 5 of the Dungeon.
             The game lasted 00:01:40 (88 turns).

Esekla the Sneak (Octopode Delver)                    Turns: 88, Time: 00:01:40

Health: 18/26      AC:  1    Str: 11    XL:     3   Next: 25%
Magic:  3/3        EV: 13    Int: 14    God:
Gold:   15         SH:  0    Dex: 13    Spells: 3/3 levels left

rFire   . . .        a - +0 falchion
rCold   . . .        (no shield)
rNeg    . . .        (helmet restricted)
rPois   .            (no amulet)
rElec   .            (no ring)
rCorr   .            (no ring)
SInv    .            (no ring)
Will    .....        (no ring)
Stlth   ++++         (no ring)
HPRegen 0.24/turn    (no ring)
MPRegen 0.08/turn    (no ring)
                     (no ring)

%: no passive effects
@: no status effects
A: almost no armour, amphibious, 8 rings, camouflage 1, gelatinous body 1,
(nimble swimmer 1), tentacles
a: no special abilities


You were on level 5 of the Dungeon.
You visited 1 branch of the dungeon, and saw 1 of its levels.

You collected 15 gold pieces.

Inventory:

Hand Weapons
 a - a +0 falchion (weapon)
 g - a +0 dagger
Wands
 f - a wand of digging (2)
Scrolls
 b - a scroll of fog
 d - 2 scrolls of fear
Potions
 c - a potion of curing {unknown}
 e - a potion of haste
 h - a potion of magic {unknown}


   Skills:
 * Level 3.2 Fighting
 * Level 2.2 Long Blades
 * Level 2.2 Dodging
 + Level 7.1 Stealth
 * Level 0.6 Spellcasting


You had 3 spell levels left.
You didn't know any spells.
Your spell library was empty.

Dungeon Overview and Level Annotations

Branches:
Dungeon (5/15)
 Temple: D:4-7

Altars:
Dithmenos
Elyvilon
Trog
Uskayaw
Xom

Shops:
D:5 *


Innate Abilities, Weirdness & Mutations

You cannot wear most types of armour.
You are amphibious.
You can wear up to eight rings at the same time.
Your skin changes colour to match your surroundings (Stealth+).
Your rubbery body absorbs attacks. (AC +1, EV +1)
((You are camouflaged when in or above water. (Stealth+)))
You have tentacles for arms and can constrict up to eight enemies at once.


Message History

You hit the hound but do no damage. Your grab misses the hound.
The hound barely misses you. The hound bites you.
You barely miss the hound. Your grab misses the hound. The hound bites you.
The hound closely misses you.
You miss the hound. You grab the hound.
You constrict the hound, but do no damage.
The hound bites you.
* * * LOW HITPOINT WARNING * * *
The hound barely misses you.
You slash the hound!
The hound is heavily wounded.
You constrict the hound. The hound misses you. The hound barely misses you.
You barely miss the hound. You squeeze the hound.
The hound is severely wounded.
You constrict the hound. The hound barely misses you.
A sleepcap comes into view.
You hit the hound.
You kill the hound!
Your Stealth skill increases to level 7!
You have reached level 2!
You have reached level 3!
Your experience leads to an increase in your attributes!
Increase (S)trength, (I)ntelligence, or (D)exterity?
You feel clever. x2
Things that are here:
a scroll of fear; a hound corpse
d - 2 scrolls of fear (gained 1)
Aiming: Dig
Press: ? - help, Shift-Dir - straight line The rock shatters into small pieces.
An orc comes into view.
It is wielding a +1 short sword of flaming.
Found Jaiqux's Neck Hole.
There is an entrance to Jaiqux's Neck Hole here.
Found 15 gold pieces.
You now have 15 gold pieces.
You open the door.
Found a white marble altar of Elyvilon.
Found a bloodstained altar of Trog.
There is an open door here.
Are you sure you want to abandon this character and quit the game? (Confirm with "yes".)

###### ####....#
#.....#.###
#.....#...# #####
##...####.###...#
##.## #.....#.#
#∩# *#.####'.#
##.## #..#..@###
####...###.##._.#
#.#.....##.*#...#
##.#.....##.*#≈≈≈#
.........##.*#...#
.###.....o..,#._.#
.# #####.#.#*#...#
.# *.#.#*+#### .#
*.#,.,,*


There were no monsters in sight!

Vanquished Creatures
  A hound (D:5)
  An orc (D:5)
2 creatures vanquished.

Notes
Turn   | Place    | Note
-------+----------+-------------------------------------------
     0 | D:5      | Esekla the Octopode Delver began the quest for the Orb.
     0 | D:5      | Reached XP level 1. HP: 16/16 MP: 1/1
     2 | D:5      | Found a shadowy altar of Dithmenos.
     2 | D:5      | Found a hide-covered altar of Uskayaw.
     2 | D:5      | Found a shimmering altar of Xom.
    37 | D:5      | Noticed a hound
    44 | D:5      | Noticed a sleepcap
    45 | D:5      | Killed a hound
    46 | D:5      | Reached skill level 7 in Stealth
    46 | D:5      | Reached XP level 2. HP: 7/21 MP: 2/2
    46 | D:5      | Reached XP level 3. HP: 8/26 MP: 3/3
    64 | D:5      | Found Jaiqux's Neck Hole.
    85 | D:5      | Found a white marble altar of Elyvilon.
    86 | D:5      | Found a bloodstained altar of Trog.
    88 | D:5      | Quit the game

Illustrated notes

Levels and vault maps discovered:
D:5:      layout_loops_cross, mainiacjoe_overflow_divided_tiny,
          gammafunk_temple_overflow_claw, nicolae_shop_sticking_my_neck_out

Skill      XL: |  1 |
---------------+----+-----
Stealth        | 7 |  7.1
Fighting       | |  3.2
Long Blades    | |  2.2
Dodging        | |  2.2
Spellcasting   | |  0.6

Action                     || total
---------------------------++-------
  Melee: Falchion          ||     7
         Constrict         ||     1
         Tentacles         ||     1
  Evoke: Wand              ||     1
    Use: Scroll            ||     1
   Stab: Sleeping          ||     1
  Dodge: Dodged            ||     6

Table legend: (Time is in decaauts)
 A = Elapsed time spent in this place.
 B = Non-inter-level travel time spent in this place.
 C = Inter-level travel time spent in this place.
 D = Time resting spent in this place.
 E = Time spent auto-exploring this place.
 F = Levels seen in this place.
 G = Mean time per level.
                   A        B        C        D        E       F      G
               +--------+--------+--------+--------+--------+-----+--------+
         Total |     89 |     89 |      0 |      0 |      0 |   1 |   89.0 |
       Dungeon |     89 |     89 |      0 |      0 |      0 |   1 |   89.0 |
               +--------+--------+--------+--------+--------+-----+--------+

Top non-repeatable levels by time:
     D:5: 89 daAuts
